 Dungeon Sprint DCSS version 0.31-a0-187-gba352fbbf7 (webtiles) character file.

Game seed: 14716723359970059603

4186 rocky1 the Covert (level 15, -7/122 HPs)
             Began as a Gnoll Brigand on June 23, 2023.
             Was an Initiate of Gozag.
             Mangled by a rockslime (32 damage)
             ... in the Dungeon (Sprint VI: "Thunderdome").
             The game lasted 00:23:05 (1948 turns).

rocky1 the Covert (Gnoll Brigand)                   Turns: 1948, Time: 00:23:07

Health: -7/122     AC: 12    Str: 14    XL:     15   Next: 76%
Magic:  13/13      EV: 21    Int: 12    God:    Gozag
Gold:   180        SH:  0    Dex: 21    Spells: 37/37 levels left

rFire   + . .        C - +9 double sword (antimagic)
rCold   + + .        (no shield)
rNeg    + + +        w - +0 robe "Asuum" {rN+++ Stlth+}
rPois   +            y - +1 hat of Limited Liability {rF+}
rElec   +            x - +1 cloak of the Elven Halls {rElec rPois Will+ Str-3}
rCorr   +            A - +1 pair of gloves "Cel Ditu" {Dex+2}
SInv    .            z - +2 pair of boots of Virtue {Rampage +Blink Will+}
Will    +++++        r - amulet of Checkmate {-Cast rC++ Regen+ Str+3}
Stlth   ++++++++     q - ring of the Lizard {rPois Will++ rCorr Str+3 Stlth+}
HPRegen 1.20/turn    b - ring of Cuvocith {rElec rN+ MP+9}
MPRegen 0.13/turn

%: no teleportation, no spellcasting, rampage
@: no status effects
A: fangs 1, strong nose, distributed training
}: 2/15 runes: serpentine, gossamer
a: Renounce Religion, Evoke Blink, Potion Petition, Call Merchant, Bribe Branch


You were in the Dungeon.
You worshipped Gozag.
Gozag was aware of your devotion.
You visited 1 branch You collected 6423 gold pieces.
You spent 6243 gold pieces at shops.

Inventory:

Hand Weapons
 j - a +9 quick blade of draining
 C - a +9 antimagic double sword (weapon)
Missiles
 d - 6 poisoned darts
 e - 5 curare-tipped darts (quivered)
Armour
 w - the +0 robe "Asuum" (worn) {rN+++ Stlth+}
   (You bought it in a shop in the Dungeon)

   rN:        It renders you almost immune to negative energy.
   Stlth:     It makes you more stealthy.
 x - the +1 cloak of the Elven Halls (worn) {rElec rPois Will+ Str-3}
   (You bought it in a shop in the Dungeon)

   Str:       It affects your strength (-3).
   rElec:     It insulates you from electricity.
   rPois:     It protects you from poison.
   Will:      It increases your willpower.
 y - the +1 hat of Limited Liability (worn) {rF+}
   (You bought it in a shop in the Dungeon)

   rF:        It protects you from fire.
 z - the +2 pair of boots of Virtue (worn) {Rampage +Blink Will+}
   (You bought it in a shop in the Dungeon)

   +Blink:    It lets you blink.
   Rampage:   It bestows one free step when moving towards enemies.
   Will:      It increases your willpower.
 A - the +1 pair of gloves "Cel Ditu" (worn) {Dex+2}
   (You bought it in a shop in the Dungeon)

   Dex:       It affects your dexterity (+2).
Jewellery
 a - the ring "Pameibo" {rC+ Str+6}
   (You bought it in a shop in the Dungeon)

   [ring of protection from cold]

   Str:       It affects your strength (+6).
   rC:        It protects you from cold.
 b - the ring of Cuvocith (right hand) {rElec rN+ MP+9}
   (You bought it in a shop in the Dungeon)

   [ring of magical power]

   rElec:     It insulates you from electricity.
   rN:        It protects you from negative energy.
   MP:        It affects your magic capacity (+9).
 q - the ring of the Lizard (left hand) {rPois Will++ rCorr Str+3 Stlth+}
   (You bought it in a shop in the Dungeon)

   [ring of poison resistance]

   Str:       It affects your strength (+3).
   rPois:     It protects you from poison.
   rCorr:     It protects you from acid and corrosion.
   Will:      It greatly increases your willpower.
   Stlth:     It makes you more stealthy.
 r - the amulet of Checkmate (around neck) {-Cast rC++ Regen+ Str+3}
   (You bought it in a shop in the Dungeon)

   [amulet of regeneration]

   Str:       It affects your strength (+3).
   rC:        It greatly protects you from cold.
   -Cast:     It prevents spellcasting.
   Regen:     It increases your rate of health regeneration.
 s - the ring of Ratwaor {Fire rPois Str+3 Dex+4 Stlth-}
   (You bought it in a shop in the Dungeon)

   [ring of fire]

   It enhances your fire magic.
   Str:       It affects your strength (+3).
   Dex:       It affects your dexterity (+4).
   rF:        It protects you from fire.
   rC:        It makes you vulnerable to cold.
   rPois:     It protects you from poison.
   Stlth:     It makes you less stealthy.
 t - the ring of Ablo Koh {rElec rPois Str+6 Int+3 Dex-3}
   (You bought it in a shop in the Dungeon)

   [ring of strength]

   Str:       It affects your strength (+6).
   Int:       It affects your intelligence (+3).
   Dex:       It affects your dexterity (-3).
   rElec:     It insulates you from electricity.
   rPois:     It protects you from poison.
 u - the ring "Hejamu" {Ice Dex+3}
   (You bought it in a shop in the Dungeon)

   [ring of ice]

   It enhances your ice magic.
   Dex:       It affects your dexterity (+3).
   rF:        It makes you vulnerable to fire.
   rC:        It protects you from cold.
 v - the ring of Nojeklao {rPois EV+5 Int-2 Dex+5}
   (You bought it in a shop in the Dungeon)

   [ring of evasion]

   EV:        It affects your evasion (+5).
   Int:       It affects your intelligence (-2).
   Dex:       It affects your dexterity (+5).
   rPois:     It protects you from poison.
Wands
 m - a wand of acid (2)
 n - a wand of iceblast (1)
Scrolls
 k - a scroll of blinking
 o - 3 scrolls of fog
Potions
 f - 13 potions of curing
 g - 11 potions of heal wounds
 h - 6 potions of haste
 i - 2 potions of magic
 l - a potion of resistance
 B - 5 potions of might


   Skills:
 + Level 12.4 Fighting
 + Level 12.4 Short Blades
 + Level 11.5 Long Blades
 + Level 11.5 Axes
 + Level 11.5 Maces & Flails
 + Level 11.5 Polearms
 + Level 11.5 Staves
 + Level 11.5 Ranged Weapons
 + Level 12.4 Throwing
 + Level 11.5 Armour
 + Level 11.8 Dodging
 + Level 13.8 Stealth
 + Level 11.5 Shields
 + Level 11.5 Unarmed Combat
 + Level 11.5 Spellcasting
 + Level 9.8 Conjurations
 + Level 9.8 Hexes
 + Level 9.8 Summonings
 + Level 9.8 Necromancy
 + Level 9.8 Translocations
 + Level 9.8 Transmutations
 + Level 9.8 Fire Magic
 + Level 9.8 Ice Magic
 + Level 9.8 Air Magic
 + Level 9.8 Earth Magic
 + Level 9.8 Poison Magic
 + Level 12.5 Invocations
 + Level 11.5 Evocations


You had 37 spell levels left.
You didn't know any spells.
Your spell library was empty.

Dungeon Overview and Level Annotations

Branches:
Dungeon (1/1)

Altars:
Cheibriados
Dithmenos
Fedhas
Gozag
Kikubaaqudgha
Makhleb
Okawaru
Qazlal
Ru
Sif Muna
Trog
Uskayaw
Vehumet
Wu Jian
Xom
Yredelemnul
Zin
The Shining One
Lugonu

Shops:
D *[??*?*:[((!!!!


Innate Abilities, Weirdness & Mutations

You have very sharp teeth.
Your uncanny sense of smell can sniff out nearby items.
Your experience applies equally to all skills.


Message History

The rockslime is lightly wounded.
The rockslime is distracted by your dazzling golden aura.
The rockslime quivers.
You hit the rockslime but do no damage.
The rockslime is no longer distracted by gold.
The rockslime is lightly wounded.
The rockslime closely misses you.
The rockslime is distracted by your dazzling golden aura.
The rockslime quivers.
You hit the rockslime but do no damage.
The rockslime is no longer distracted by gold.
The rockslime is lightly wounded.
The rockslime misses you.
You hit the rockslime but do no damage.
You bite the rockslime, but do no damage.
The rockslime is lightly wounded.
You are no longer corroded.
The rockslime hits you!!
You stumble backwards!
You hit the rockslime.
The rockslime is lightly wounded.
The rockslime closely misses you.
You hit the rockslime but do no damage.
The rockslime is lightly wounded.
The rockslime completely misses you.
You hit the rockslime but do no damage.
The rockslime is lightly wounded.
The rockslime hits you!!
* * * LOW HITPOINT WARNING * * *
You stumble backwards!
You barely miss the rockslime.
The rockslime is lightly wounded.
The rockslime closely misses you.
A quicksilver ooze comes into view.
The quicksilver ooze quivers.
You hit the rockslime but do no damage.
You punch the rockslime, but do no damage.
The rockslime is lightly wounded.
The rockslime hits you!!
You die...
Your body crumbles into a pile of gold.

##.....## ##∩[....∩##
#∩J......∩# #_......._#
#_......._# #_....).._#
###..[......###
#⌠)J.........⌠#
######.8@........8.######
##._._......###..)...___∩#
###∩........8.# #.8........∩
##.........)...###[....)....[
#⌠.....[[...###...###........
#⌠.....[..[.# #.<.# #........
#⌠.........|###...###).......
##.............###...........
###∩........8.# #.8.[......∩


You could see a rockslime and a quicksilver ooze.

Vanquished Creatures
  An acid blob (D)
  A wolf spider (D)
  An anaconda (D)
  2 mummy priests (D)
  An ogre mage (D)
  A two-headed ogre (D)
  An orc knight (D)
  A shining eye (D)
  A mana viper (D)
  A guardian mummy (D)
  Sigmund (D)
  A slime creature (D)
  A golden eye (D)
  A redback (D)
  A floating eye (D)
  3 orc warriors (D)
  8 dwarves (D)
  6 ogres (D)
  A phantom (D)
  2 wolves (D)
  4 scorpions (D)
  3 jellies (D)
  2 hounds (D)
  2 gnoll boudas (D)
  An orc wizard (D)
  5 mummies (D)
  A dart slug (D)
  2 ball pythons (D)
56 creatures vanquished.

Notes
Turn   | Place    | Note
-------+----------+-------------------------------------------
     0 | D        | rocky1 the Gnoll Brigand began the quest for the Orb.
     0 | D        | Reached XP level 1. HP: 20/20 MP: 1/1
     3 | D        | Found a shimmering blue altar of Sif Muna.
     3 | D        | Found a shadowy altar of Dithmenos.
     4 | D        | Found a shimmering altar of Xom.
     5 | D        | Found an ancient bone altar of Kikubaaqudgha.
     5 | D        | Found an iron altar of Okawaru.
     5 | D        | Round 1.
     6 | D        | Found a glowing golden altar of the Shining One.
     6 | D        | Found a glowing silver altar of Zin.
     6 | D        | Found Efeip's Magic Scroll Shop.
     6 | D        | Found Nijierui's Staff Store.
     7 | D        | Found Zonudih's Magic Scroll Shop.
     7 | D        | Found Joopn's Must-Have Magic.
    10 | D        | Found a blossoming altar of Fedhas.
    11 | D        | Found a radiant altar of Vehumet.
    12 | D        | Found a sacrificial altar of Ru.
    13 | D        | Found Xoegaz's Distillery.
    14 | D        | Found Xuryleq's Distillery.
    14 | D        | Found Put Fya's Bottled Wisdom.
    17 | D        | Noticed Sigmund
    24 | D        | Killed Sigmund
    25 | D        | Reached skill level 8 in Stealth
    25 | D        | Reached XP level 2. HP: 28/28 MP: 1/6
    25 | D        | Reached XP level 3. HP: 34/34 MP: 1/8
    25 | D        | Reached XP level 4. HP: 40/40 MP: 1/9
    25 | D        | Reached XP level 5. HP: 46/46 MP: 1/10
    25 | D        | Found a corrupted altar of Lugonu.
    25 | D        | Found a burning altar of Makhleb.
    25 | D        | Found Wejo's Do-It-Yourself Clinic.
    53 | D        | Found a basalt altar of Yredelemnul.
    53 | D        | Found a snail-covered altar of Cheibriados.
    56 | D        | Found Cirphuadgh's Weapon Rack.
    57 | D        | Found Viloin's Basic Armour.
    57 | D        | Found Touddof's Miscellaneous Merchandise.
    58 | D        | Found an ornate altar of the Wu Jian Council.
    58 | D        | Found an opulent altar of Gozag.
    58 | D        | Found Oteorgha's Premium Goods.
    62 | D        | Found a stormy altar of Qazlal.
    70 | D        | Became a worshipper of Gozag Ym Sagoz the Greedy
    74 | D        | Found a bloodstained altar of Trog.
    74 | D        | Found Oteggeyt's Identification Station.
    76 | D        | Found a hide-covered altar of Uskayaw.
    77 | D        | Found Fehytuof's Advanced Armour.
    77 | D        | Found Xiotz's Jewellery.
   147 | D        | Noticed a phantom
   187 | D        | Killed a phantom
   187 | D        | Arena points: 12 (+12) [x2]
   188 | D        | Reached skill level 5 in Dodging
   188 | D        | Reached skill level 9 in Stealth
   188 | D        | Reached XP level 6. HP: 13/53 MP: 10/12
   212 | D        | Bought a brightly glowing pewter ring for 45 gold pieces
   212 | D        | Identified the ring of the Lizard {rPois Will++ rCorr Str+3
                  | Stlth+} (You bought it in a shop in the Dungeon)
   212 | D        | Bought a scintillating tin amulet for 45 gold pieces
   212 | D        | Identified the amulet of Checkmate {-Cast rC++ Regen+
                  | Str+3} (You bought it in a shop in the Dungeon)
   212 | D        | Bought an ancient bronze ring for 45 gold pieces
   212 | D        | Identified the ring of Ratwaor {Fire rPois Str+3 Dex+4
                  | Stlth-} (You bought it in a shop in the Dungeon)
   218 | D        | Bought a steaming tin ring for 45 gold pieces
   218 | D        | Identified the ring of Ablo Koh {rElec rPois Str+6 Int+3
                  | Dex-3} (You bought it in a shop in the Dungeon)
   218 | D        | Bought a scorched brass ring for 45 gold pieces
   218 | D        | Identified the ring "Hejamu" {Ice Dex+3} (You bought it in
                  | a shop in the Dungeon)
   218 | D        | Bought a sparkling glass ring for 45 gold pieces
   218 | D        | Identified the ring of Nojeklao {rPois EV+5 Int-2 Dex+5}
                  | (You bought it in a shop in the Dungeon)
   221 | D        | Round 2.
   238 | D        | Reached skill level 5 in Invocations
   257 | D        | Reached skill level 5 in Long Blades
   257 | D        | Reached skill level 5 in Axes
   257 | D        | Reached skill level 5 in Maces & Flails
   257 | D        | Reached skill level 5 in Polearms
   257 | D        | Reached skill level 5 in Staves
   257 | D        | Reached skill level 5 in Ranged Weapons
   257 | D        | Reached skill level 5 in Armour
   257 | D        | Reached skill level 5 in Shields
   257 | D        | Reached skill level 5 in Unarmed Combat
   257 | D        | Reached skill level 5 in Spellcasting
   257 | D        | Reached skill level 5 in Evocations
   291 | D        | Noticed a redback
   302 | D        | Reached XP level 7. HP: 60/60 MP: 13/15
   304 | D        | Killed a redback
   304 | D        | Arena points: 48 (+36) [x3]
   343 | D        | Bought 3 curare-tipped darts for 108 gold pieces
   352 | D        | Round 3.
   385 | D        | HP: 1/60 [gnoll bouda/+2 whip of electrocution (8)]
   403 | D        | Reached skill level 10 in Stealth
   403 | D        | Reached skill level 5 in Conjurations
   403 | D        | Reached skill level 5 in Hexes
   403 | D        | Reached skill level 5 in Summonings
   403 | D        | Reached skill level 5 in Necromancy
   403 | D        | Reached skill level 5 in Translocations
   403 | D        | Reached skill level 5 in Transmutations
   403 | D        | Reached skill level 5 in Fire Magic
   403 | D        | Reached skill level 5 in Ice Magic
   403 | D        | Reached skill level 5 in Air Magic
   403 | D        | Reached skill level 5 in Earth Magic
   403 | D        | Reached skill level 5 in Poison Magic
   423 | D        | Reached XP level 8. HP: 47/68 MP: 17/17
   448 | D        | Arena points: 132 (+84) [x4]
   476 | D        | Round 4.
   485 | D        | Bought a +0 quick blade for 450 gold pieces
   516 | D        | Bought a potion of experience for 300 gold pieces
   516 | D        | Reached XP level 9. HP: 75/75 MP: 17/19
   583 | D        | Noticed a two-headed ogre
   598 | D        | Killed a two-headed ogre
   599 | D        | Reached skill level 11 in Stealth
   599 | D        | Noticed an ogre mage
   616 | D        | Killed an ogre mage
   616 | D        | Arena points: 272 (+140) [x5]
   617 | D        | Reached XP level 10. HP: 46/83 MP: 20/22
   660 | D        | Round 5.
   671 | D        | Bought 8 scrolls of enchant weapon for 600 gold pieces
   671 | D        | Bought a scroll of brand weapon for 95 gold pieces
   682 | D        | Bought a scroll of brand weapon for 95 gold pieces
   685 | D        | Noticed a mana viper
   696 | D        | Killed a mana viper
   705 | D        | Noticed a giant anaconda
   719 | D        | Killed a giant anaconda
   719 | D        | Arena points: 517 (+245) [x7]
   720 | D        | Reached skill level 10 in Fighting
   720 | D        | Reached skill level 10 in Short Blades
   720 | D        | Reached skill level 10 in Throwing
   720 | D        | Got a serpentine rune of Zot
   721 | D        | Reached skill level 12 in Stealth
   721 | D        | Reached skill level 10 in Invocations
   721 | D        | Reached XP level 11. HP: 40/92 MP: 17/24
   746 | D        | Bought 4 potions of curing for 84 gold pieces
   746 | D        | Bought 3 potions of heal wounds for 105 gold pieces
   746 | D        | Bought 3 potions of heal wounds for 105 gold pieces
   748 | D        | Bought a potion of experience for 300 gold pieces
   748 | D        | Reached XP level 12. HP: 76/99 MP: 22/25
   921 | D        | Round 6.
   967 | D        | Reached skill level 10 in Dodging
  1088 | D        | Arena points: 901 (+384) [x8]
  1110 | D        | Round 7.
  1129 | D        | Reached skill level 10 in Long Blades
  1129 | D        | Reached skill level 10 in Axes
  1129 | D        | Reached skill level 10 in Maces & Flails
  1129 | D        | Reached skill level 10 in Polearms
  1129 | D        | Reached skill level 10 in Staves
  1129 | D        | Reached skill level 10 in Ranged Weapons
  1129 | D        | Reached skill level 10 in Armour
  1129 | D        | Reached skill level 10 in Shields
  1129 | D        | Reached skill level 10 in Unarmed Combat
  1129 | D        | Reached skill level 10 in Spellcasting
  1129 | D        | Reached skill level 10 in Evocations
  1207 | D        | Arena points: 1405 (+504) [x9]
  1255 | D        | Bought a shadowed robe for 199 gold pieces
  1255 | D        | Identified the +0 robe "Asuum" {rN+++ Stlth+} (You bought
                  | it in a shop in the Dungeon)
  1255 | D        | Bought a fine cloak for 332 gold pieces
  1255 | D        | Identified the +1 cloak of the Elven Halls {rElec rPois
                  | Will+ Str-3} (You bought it in a shop in the Dungeon)
  1255 | D        | Bought a warped hat for 315 gold pieces
  1255 | D        | Identified the +1 hat of Limited Liability {rF+} (You
                  | bought it in a shop in the Dungeon)
  1255 | D        | Bought a pair of faintly glowing boots for 332 gold pieces
  1255 | D        | Identified the +2 pair of boots of Virtue {Rampage +Blink
                  | Will+} (You bought it in a shop in the Dungeon)
  1255 | D        | Bought a pair of fine gloves for 332 gold pieces
  1255 | D        | Identified the +1 pair of gloves "Cel Ditu" {Dex+2} (You
                  | bought it in a shop in the Dungeon)
  1274 | D        | Round 8.
  1441 | D        | Arena points: 2125 (+720) [x10]
  1455 | D        | Bought 2 potions of experience for 600 gold pieces
  1455 | D        | Reached XP level 13. HP: 106/106 MP: 27/27
  1456 | D        | Reached skill level 13 in Stealth
  1456 | D        | Reached XP level 14. HP: 113/113 MP: 28/28
  1467 | D        | Round 9.
  1630 | D        | HP: 4/114 [vampire[a mummy priest] (6)]
  1637 | D        | Arena points: 3016 (+891) [x11]
  1668 | D        | Bought 4 potions of curing for 84 gold pieces
  1668 | D        | Bought 4 potions of curing for 84 gold pieces
  1668 | D        | Bought 3 potions of heal wounds for 105 gold pieces
  1668 | D        | Bought 3 potions of heal wounds for 105 gold pieces
  1668 | D        | Bought 3 potions of heal wounds for 105 gold pieces
  1687 | D        | Round 10.
  1694 | D        | Bought 4 potions of haste for 280 gold pieces
  1694 | D        | Bought 6 potions of might for 168 gold pieces
  1718 | D        | Arena points: 4186 (+1170) [x13]
  1726 | D        | Got a gossamer rune of Zot
  1728 | D        | Reached XP level 15. HP: 70/121 MP: 30/30
  1737 | D        | Bought 8 scrolls of enchant weapon for 600 gold pieces
  1886 | D        | Bought a crude golden ring for 45 gold pieces
  1886 | D        | Identified the ring "Pameibo" {rC+ Str+6} (You bought it in
                  | a shop in the Dungeon)
  1886 | D        | Bought a crude bronze ring for 45 gold pieces
  1886 | D        | Identified the ring of Cuvocith {rElec rN+ MP+9} (You
                  | bought it in a shop in the Dungeon)
  1913 | D        | Round 11.
  1920 | D        | Noticed an acid blob
  1931 | D        | Noticed a rockslime
  1933 | D        | Killed an acid blob
  1948 | D        | Mangled by a rockslime

Illustrated notes

Levels and vault maps discovered:
D:        arena_sprint

Skill      XL: |  1  2  3  4  5  6  7  8  9 10 11 12 13 14 |
---------------+-------------------------------------------+-----
Fighting       | 6 7 8 9 10 11 12 | 12.4
Short Blades   | 6 7 8 9 10 11 12 | 12.4
Long Blades    | 3 4 5 6 7 8 9 10 11 | 11.5
Axes           | 3 4 5 6 7 8 9 10 11 | 11.5
Maces & Flails | 3 4 5 6 7 8 9 10 11 | 11.5
Polearms       | 3 4 5 6 7 8 9 10 11 | 11.5
Staves         | 3 4 5 6 7 8 9 10 11 | 11.5
Ranged Weapons | 3 4 5 6 7 8 9 10 11 | 11.5
Throwing       | 6 7 8 9 10 11 12 | 12.4
Armour         | 3 4 5 6 7 8 9 10 11 | 11.5
Dodging        | 4 5 6 7 8 9 10 11 | 11.8
Stealth        | 8 9 10 11 12 13 | 13.8
Shields        | 3 4 5 6 7 8 9 10 11 | 11.5
Unarmed Combat | 3 4 5 6 7 8 9 10 11 | 11.5
Spellcasting   | 3 4 5 6 7 8 9 10 11 | 11.5
Conjurations   | 3 4 5 7 8 9 |  9.8
Hexes          | 3 4 5 7 8 9 |  9.8
Summonings     | 3 4 5 7 8 9 |  9.8
Necromancy     | 3 4 5 7 8 9 |  9.8
Translocations | 3 4 5 7 8 9 |  9.8
Transmutations | 3 4 5 7 8 9 |  9.8
Fire Magic     | 3 4 5 7 8 9 |  9.8
Ice Magic      | 3 4 5 7 8 9 |  9.8
Air Magic      | 3 4 5 7 8 9 |  9.8
Earth Magic    | 3 4 5 7 8 9 |  9.8
Poison Magic   | 3 4 5 7 8 9 |  9.8
Invocations    | 4 5 6 7 9 10 11 12 | 12.5
Evocations     | 3 4 5 6 7 8 9 10 11 | 11.5

Action                     |  1- 3 |  4- 6 |  7- 9 | 10-12 | 13-15 || total
---------------------------+-------+-------+-------+-------+-------++-------
  Melee: Dagger            |     4 |    53 |    30 |       |       ||    87
         Bite              |       |     9 |    19 |    13 |    31 ||    72
         Punch             |       |     1 |     9 |     9 |    14 ||    33
         Quick blade       |       |       |    97 |   111 |   129 ||   337
         Double sword      |       |       |       |       |    13 ||    13
  Throw: Dart              |       |    12 |    12 |     2 |       ||    26
  Evoke: Wand              |     4 |       |     3 |       |       ||     7
    Use: Potion            |       |     2 |     3 |     3 |    10 ||    18
         Scroll            |       |       |       |    10 |    11 ||    21
   Stab: Distracted        |       |       |     1 |     7 |     1 ||     9
         Confused          |       |       |       |     7 |       ||     7
 Armour: Robe              |     1 |     7 |     1 |     3 |     7 ||    19
  Dodge: Dodged            |     5 |    20 |    40 |    21 |    67 ||   153

Table legend: (Time is in decaauts)
 A = Elapsed time spent in this place.
 B = Non-inter-level travel time spent in this place.
 C = Inter-level travel time spent in this place.
 D = Time resting spent in this place.
 E = Time spent auto-exploring this place.
 F = Levels seen in this place.
 G = Mean time per level.
                   A        B        C        D        E       F      G
               +--------+--------+--------+--------+--------+-----+--------+
         Total |   1827 |   1827 |      0 |    312 |     50 |   1 | 1827.0 |
       Dungeon |   1827 |   1827 |      0 |    312 |     50 |   1 | 1827.0 |
               +--------+--------+--------+--------+--------+-----+--------+

Top non-repeatable levels by time:
       D: 1827 daAuts
